[Event "ICC tourney 2087 (3 2)"]
[Site "Internet Chess Club"]
[Date "2020.10.30"]
[Round "2"]
[White "JGroder"]
[Black "challenger2010"]
[Result "1-0"]
[ICCResult "Black checkmated"]
[WhiteElo "1631"]
[BlackElo "1887"]
[Opening "Sicilian: dragon, Yugoslav attack, 10.O-O-O"]
[ECO "B78"]
[NIC "SI.18"]
[Time "20:15:39"]
[TimeControl "180+2"]

1. e4 c5 2. Nf3 d6 3. d4 cxd4 4. Nxd4 Nf6 5. Nc3 g6 6. Be3 Bg7 7. f3 O-O 8.
Qd2 Nc6 9. Bc4 Bd7 10. O-O-O Qb8 11. g4 b5 12. Ndxb5 Ne5 13. Be2 Bxb5 14.
Nxb5 Nxf3 15. Bxf3 Qxb5 16. e5 Rab8 17. b3 Qxe5 18. Qd4 Qb5 19. a4 Qa5 20.
Qxa7 Qc3 21. Rd3 Qa1+ 22. Kd2 Qa2 23. g5 Rfc8 24. Rc1 Ne8 25. Bb7 Bb2 26.
Bxc8 Bxc1+ 27. Kxc1 Rxc8 28. c4 Qe2 29. Rd2 Qf1+ 30. Kc2 Qf5+ 31. Kb2 Nc7
32. Qd4 Ne6 33. Qd3 Qf3 34. Rf2 Qb7 35. h4 Rb8 36. a5 Qa6 37. Bb6 Rxb6 38.
axb6 Qxb6 39. Qf3 Qd4+ 40. Ka2 Qa7+ 41. Kb2 Qd4+ 42. Ka2 Nd8 43. Rf1 h6 44.
gxh6 Qd2+ 45. Ka3 Qa5+ 46. Kb2 Qd2+ 47. Kb1 Kh7 48. Rf2 Qe1+ 49. Kb2 Qe5+
50. Kb1 Qe1+ 51. Kb2 Qe5+ 52. Qc3 Qc5 53. Rd2 e5 54. Rd5 Qc6 55. Qe3 Ne6 56.
h5 g5 57. Qe4+ Kxh6 58. Qf5 Qe8 59. Qf6+ Kxh5 60. Qf3+ g4 61. Qf5+ Ng5 62.
Rd1 Kh6 63. Rh1+ Kg7 64. Qxg5+ Kf8 65. Rh8# {Black checkmated} 1-0

[Event "ICC tourney 2087 (3 2)"]
[Site "Internet Chess Club"]
[Date "2020.10.30"]
[Round "3"]
[White "Goran21"]
[Black "manest"]
[Result "0-1"]
[ICCResult "White resigns"]
[WhiteElo "1950"]
[BlackElo "2713"]
[Opening "King's pawn opening"]
[ECO "B07"]
[NIC "VO.17"]
[Time "20:27:21"]
[TimeControl "180+2"]

1. e4 d6 2. d3 c5 3. g3 g6 4. Bg2 Bg7 5. Ne2 Nc6 6. O-O h5 7. f4 h4 8. c3
hxg3 9. hxg3 Bg4 10. Be3 Qd7 11. Nd2 Nf6 12. Nf3 Bh3 13. Ng5 Bxg2 14. Kxg2
Ng4 15. Bg1 O-O-O 16. Qd2 Rdf8 17. d4 cxd4 18. cxd4 d5 19. e5 f6 20. e6 Qd6
21. Nf7 Qxe6 22. Nxh8 Rxh8 23. Nc3 Qf5 24. Qe2 Qh5 25. Qe6+ Kb8 26. Be3 Qh3+
27. Kf3 Nh2+ 28. Ke2 Qxe6 {White resigns} 0-1

[Event "ICC tourney 2087 (3 2)"]
[Site "Internet Chess Club"]
[Date "2020.10.30"]
[Round "3"]
[White "Openyagami"]
[Black "funplaychess"]
[Result "1-0"]
[ICCResult "Black resigns"]
[WhiteElo "2736"]
[BlackElo "1666"]
[Opening "Réti: King's Indian attack, Yugoslav variation"]
[ECO "A07"]
[NIC "QP.09"]
[Time "20:27:22"]
[TimeControl "180+2"]

1. Nf3 d5 2. g3 Nf6 3. Bg2 c6 4. O-O Bg4 5. c4 e6 6. Ne5 Bh5 7. cxd5 exd5 8.
Qb3 Qb6 9. Nc3 Nbd7 10. d4 Bd6 11. Nxd7 Nxd7 12. e4 dxe4 13. Nxe4 Be7 14. d5
Qxb3 15. axb3 cxd5 16. Nc3 d4 17. Nb5 O-O 18. Nxd4 Bf6 19. Be3 Nc5 20. b4
Bxd4 21. bxc5 Bxe3 22. fxe3 Rac8 23. Rfc1 b6 24. c6 Rc7 25. Ra4 a5 26. b4
axb4 27. Rxb4 Rfc8 28. Rxb6 f6 29. Bh3 Rd8 30. Rb7 Rdd7 31. Bxd7 {Black
resigns} 1-0

[Event "ICC tourney 2087 (3 2)"]
[Site "Internet Chess Club"]
[Date "2020.10.30"]
[Round "3"]
[White "TjkTiger"]
[Black "MiamiBoy"]
[Result "1-0"]
[ICCResult "Black resigns"]
[WhiteElo "2315"]
[BlackElo "1706"]
[Opening "English: symmetrical variation"]
[ECO "A16"]
[NIC "EO.64"]
[Time "20:27:23"]
[TimeControl "180+2"]

1. c4 Nf6 2. Nc3 c5 3. g3 Nc6 4. Bg2 e6 5. Nf3 Be7 6. O-O O-O 7. d4 cxd4 8.
Nxd4 Bc5 9. Nb3 Bb4 10. Nb5 a6 11. Nd6 Bxd6 12. Qxd6 Qe7 13. Bf4 Re8 14.
Rfd1 Nh5 15. Qxe7 Nxe7 16. Bd6 Nf5 17. Bc7 Nf6 18. e4 Ne7 19. h3 h6 20. e5
Nh7 21. Nc5 Nc6 22. Nxd7 Bxd7 23. Rxd7 Nf8 24. Rd2 Nd8 25. Bxd8 Raxd8 26.
Rxd8 Rxd8 27. Bxb7 Rb8 28. Bxa6 Rxb2 29. a4 Nd7 30. a5 Nxe5 31. Bb5 Nd3 32.
a6 Nxf2 33. a7 Nxh3+ 34. Kf1 Rf2+ 35. Ke1 {Black resigns} 1-0

[Event "ICC tourney 2087 (3 2)"]
[Site "Internet Chess Club"]
[Date "2020.10.30"]
[Round "3"]
[White "kurumania"]
[Black "turbopawn"]
[Result "1-0"]
[ICCResult "Black resigns"]
[WhiteElo "2775"]
[BlackElo "2565"]
[Opening "Sicilian: Najdorf"]
[ECO "B90"]
[NIC "SI.14"]
[Time "20:27:25"]
[TimeControl "180+2"]

1. e4 c5 2. Nf3 d6 3. d4 cxd4 4. Nxd4 Nf6 5. Nc3 a6 6. Bd3 e5 7. Nde2 Nc6 8.
Bg5 Be7 9. Bxf6 Bxf6 10. Nd5 Bg5 11. Bc4 O-O 12. O-O Be6 13. a3 Rc8 14. Ba2
Kh8 15. Ng3 g6 16. Qd3 f5 17. Rad1 Bh6 18. f3 Bxd5 19. Bxd5 Qb6+ 20. Kh1
Qxb2 21. exf5 Nd4 22. fxg6 Rxc2 23. Rb1 Qc3 24. Rxb7 Bg7 25. Qxa6 Qd2 26.
Rg1 Rc1 27. Nf1 Qf2 28. Qxd6 Rcc8 29. Rxg7 Kxg7 30. Qe7+ Kxg6 31. Be4+ Kh6
32. Qxh7+ Kg5 33. Qg6+ {Black resigns} 1-0

[Event "ICC tourney 2087 (3 2)"]
[Site "Internet Chess Club"]
[Date "2020.10.30"]
[Round "3"]
[White "cjconstantine"]
[Black "clair"]
[Result "0-1"]
[ICCResult "White checkmated"]
[WhiteElo "1142"]
[BlackElo "1256"]
[Opening "Grob's attack"]
[ECO "A00"]
[NIC "VO.11"]
[Time "20:27:32"]
[TimeControl "180+2"]

1. g4 d6 2. g5 Nc6 3. d4 d5 4. f4 Bf5 5. Nc3 h6 6. Nf3 hxg5 7. fxg5 Qd7 8.
h4 O-O-O 9. Be3 f6 10. Bg2 g6 11. Qd2 Bg7 12. O-O-O fxg5 13. Bxg5 Nf6 14.
Ne5 Nxe5 15. dxe5 Ne4 16. Nxe4 Bxe4 17. Bxe4 dxe4 18. Qxd7+ Rxd7 19. Rxd7
Kxd7 20. Rd1+ Ke6 21. Kd2 Bxe5 22. Ke3 Bxb2 23. Kxe4 Ba3 24. c4 Rd8 25. Rb1
b6 26. Rb3 Bc5 27. a4 Rd4+ 28. Kf3 Rxc4 29. a5 Kf7 30. axb6 axb6 31. Rd3 Rd4
32. Rb3 e5 33. e3 Rb4 34. Rd3 Ke6 35. Rd8 e4+ 36. Kg4 Rb3 37. Re8+ Kf7 38.
Rxe4 Rb4 39. Kf3 Rxe4 40. Kxe4 Bd6 41. Kd5 b5 42. Kc6 b4 43. e4 Ke6 44. Kb5
Ke5 45. Kc4 Kxe4 46. Kb3 c5 47. Kc4 Kf5 48. Bc1 Bf4 49. Bb2 Be3 50. Kd3 Bf2
51. Kc4 Kg4 52. Bf6 Bxh4 53. Be5 Bf2 54. Bh2 Kf3 55. Be5 g5 56. Bd6 g4 57.
Be5 g3 58. Bxg3 Kxg3 59. Kb3 Kf3 60. Kc2 Ke2 61. Kb1 Kd2 62. Kb2 Bd4+ 63.
Kb3 Kc1 64. Kc4 Kc2 65. Kb5 b3 66. Ka4 b2 67. Ka3 b1=Q 68. Ka4 Qb4#
{White checkmated}
0-1

[Event "ICC tourney 2087 (3 2)"]
[Site "Internet Chess Club"]
[Date "2020.10.30"]
[Round "3"]
[White "speedskater"]
[Black "ramennoodle"]
[Result "1-0"]
[ICCResult "Black resigns"]
[WhiteElo "1866"]
[BlackElo "1270"]
[Opening "King's Indian: orthodox variation"]
[ECO "E94"]
[NIC "KI.15"]
[Time "20:27:32"]
[TimeControl "180+2"]

1. d4 Nf6 2. c4 g6 3. Nc3 Bg7 4. e4 d6 5. Nf3 O-O 6. Be2 e5 7. O-O exd4 8.
Nxd4 Nc6 9. Be3 Re8 10. f3 Nxd4 11. Bxd4 Be6 12. Qd2 Qd7 13. Rac1 Rad8 14.
Rfd1 c6 15. Bxa7 b5 16. Bb6 Rb8 17. c5 dxc5 18. Bxc5 Qxd2 19. Rxd2 b4 20.
Nd1 Bxa2 21. Bc4 Bxc4 22. Rxc4 Rbd8 23. Bxb4 Rxd2 24. Bxd2 Rd8 25. Rc2 Nd7
26. Bc3 Ne5 27. Ne3 Nd3 28. Bxg7 Kxg7 29. Rd2 Rd7 30. Kf1 Kf6 31. g3 Ke6 32.
Ke2 Ne5 33. Rxd7 Nxd7 34. Nc4 f5 35. Ke3 fxe4 36. Kxe4 Nf6+ 37. Kd4 Nd7 38.
b4 g5 39. Na5 Kd6 40. Nc4+ Ke6 41. Nd2 h6 42. Nc4 h5 43. Nd2 Nf6 44. Ne4 Nd5
45. Kc5 Kf5 46. Nd6+ Ke5 47. Nc4+ Kf5 48. Na5 g4 49. f4 Nxf4 50. gxf4 Kxf4
51. Nxc6 h4 52. Nd4 g3 53. hxg3+ hxg3 54. Ne2+ Ke5 55. Nxg3 Ke6 56. b5 Kd7
57. Kb6 Kc8 58. Ka7 {Black resigns} 1-0

[Event "ICC tourney 2087 (3 2)"]
[Site "Internet Chess Club"]
[Date "2020.10.30"]
[Round "3"]
[White "aplusk"]
[Black "jsl1996"]
[Result "1/2-1/2"]
[ICCResult "Game drawn because neither player has mating material"]
[WhiteElo "2716"]
[BlackElo "2159"]
[Opening "Catalan: open, 5.Nf3"]
[ECO "E04"]
[NIC "CA.03"]
[Time "20:27:22"]
[TimeControl "180+2"]

1. d4 Nf6 2. c4 e6 3. Nf3 d5 4. g3 dxc4 5. Bg2 a6 6. O-O Nc6 7. e3 Rb8 8.
Qe2 b5 9. b3 cxb3 10. axb3 Be7 11. Bd2 O-O 12. Rc1 Rb6 13. Ne1 Bb7 14. Nd3
Qa8 15. Qf1 b4 16. Nc5 Bxc5 17. Rxc5 Nd7 18. Rc4 a5 19. Rc1 Rc8 20. Be1 Nd8
21. Nd2 c5 22. Nc4 Ra6 23. Bxb7 Nxb7 24. Qg2 cxd4 25. exd4 Nf6 26. Ra4 Nd5
27. Rca1 h6 28. h4 Qa7 29. Qe4 Ra8 30. Bd2 Nd6 31. Qg4 Nf5 32. Rxa5 Rxa5 33.
Rxa5 Qb8 34. Bf4 Qb7 35. Be5 Rxa5 36. Nxa5 Qa8 37. Nc4 Qa1+ 38. Kg2 Qa2 39.
Qf3 Qc2 40. Nd6 Nxd6 41. Bxd6 Qd2 42. Bc5 h5 43. Kg1 g6 44. Kg2 Kg7 45. Ba7
Nc3 46. Bc5 Nd5 47. Ba7 g5 48. hxg5 Qxg5 49. Kf1 Kg6 50. Bb8 Qf5 51. Kg2
Qxf3+ 52. Kxf3 Kf5 53. Bd6 f6 54. Bc5 e5 55. dxe5 fxe5 56. Ke2 e4 57. f3 Ke5
58. fxe4 Kxe4 59. Kf2 Kd3 60. Kf3 Kc3 61. g4 h4 62. g5 Kxb3 63. Bxb4 Kxb4
64. Kg4 Kc5 65. Kxh4 Kd6 66. g6 Ke6 67. Kg5 Ne7 68. Kh6 Nxg6
{Game drawn because neither player has mating material}
1/2-1/2

[Event "ICC tourney 2087 (3 2)"]
[Site "Internet Chess Club"]
[Date "2020.10.30"]
[Round "3"]
[White "jy2020"]
[Black "challenger2010"]
[Result "1/2-1/2"]
[ICCResult "Game drawn because neither player has mating material"]
[WhiteElo "1725"]
[BlackElo "1882"]
[Opening "Sicilian: dragon, Yugoslav attack, Rauser variation"]
[ECO "B76"]
[NIC "SI.17"]
[Time "20:27:18"]
[TimeControl "180+2"]

1. e4 c5 2. Nf3 d6 3. d4 cxd4 4. Nxd4 Nf6 5. Nc3 g6 6. Be3 Bg7 7. f3 O-O 8.
Qd2 Nc6 9. O-O-O Nxd4 10. Bxd4 Be6 11. Kb1 Re8 12. g4 Qa5 13. Nd5 Qxd2 14.
Nxf6+ Bxf6 15. Rxd2 Bxd4 16. Rxd4 g5 17. Bc4 Kg7 18. Rhd1 Rac8 19. Bd5 b6
20. Bb3 Kf6 21. R4d3 Ke5 22. Rh1 h5 23. h4 hxg4 24. hxg5 g3 25. f4+ Kxf4 26.
Rf1+ Ke5 27. Rxg3 Rg8 28. c3 Rg6 29. Bxe6 Kxe6 30. Rgf3 Rg7 31. Rf5 Rc5 32.
Rxc5 bxc5 33. Rf5 Rh7 34. Kc2 Rh2+ 35. Kb3 Re2 36. Rf4 Rg2 37. Rh4 Rxg5 38.
Rh8 Re5 39. Ra8 Rxe4 40. Rxa7 f5 41. Ra8 Kf7 42. Rh8 f4 43. Rh1 e5 44. a4
Ke7 45. a5 Kd7 46. Rh7+ Kc6 47. a6 Re1 48. Ka2 Rg1 49. a7 Rg8 50. Kb3 Rf8
51. Rf7 Ra8 52. Kc2 Kb6 53. Rf6 Kc6 54. Rf7 d5 55. Kd3 e4+ 56. Ke2 f3+ 57.
Ke3 Kb6 58. Rf5 Rxa7 59. Rxd5 Re7 60. b4 cxb4 61. cxb4 Kc6 62. Rc5+ Kb6 63.
Rc3 Rf7 64. Rc2 Kb5 65. Rc1 Re7 66. Rb1 Re5 67. Rb2 Kc4 68. Rb1 Kb5 69. Rb2
Re8 70. Rb1 Re7 71. Rb2 Rf7 72. Rb1 Re7 73. Rb2 Kc4 74. Rb1 Kc3 75. b5 Kc2
76. Rf1 Kc3 77. b6 Kc4 78. b7 Rxb7 79. Kxe4 Re7+ 80. Kxf3 Kd5 81. Rd1+ Ke5
82. Re1+ Kf6 83. Rxe7 Kxe7
{Game drawn because neither player has mating material}
1/2-1/2

[Event "ICC tourney 2087 (3 2)"]
[Site "Internet Chess Club"]
[Date "2020.10.30"]
[Round "3"]
[White "Alec-hine"]
[Black "spellking98"]
[Result "1/2-1/2"]
[ICCResult "Game drawn by repetition"]
[WhiteElo "1671"]
[BlackElo "1802"]
[Opening "Trompowsky attack (Ruth, Opocenský opening)"]
[ECO "A45"]
[NIC "QP.07"]
[Time "20:27:20"]
[TimeControl "180+2"]

1. d4 Nf6 2. Bg5 g6 3. Nd2 Bg7 4. e3 d6 5. Ngf3 Nbd7 6. Be2 O-O 7. O-O c6 8.
h3 h6 9. Bh4 e5 10. dxe5 dxe5 11. a4 Qe7 12. Nc4 e4 13. Nd4 Rd8 14. Bg3 Nb6
15. Qe1 Nxc4 16. Bxc4 Nd5 17. c3 h5 18. a5 a6 19. Rd1 h4 20. Bh2 g5 21. Qe2
g4 22. hxg4 Qg5 23. Nf5 Bxf5 24. gxf5 h3 25. g3 Qxf5 26. Bxd5 cxd5 27. f3
Qg6 28. f4 f5 29. Rd2 Qf7 30. Rfd1 Rac8 31. g4 Qg6 32. g5 Qf7 33. Qf2 Qh5
34. Qg3 Rc5 35. Kf2 Kf7 36. Rg1 Kg6 37. Rh1 Rh8 38. Bg1 Qg4 39. Bh2 Bf8 40.
Rg1 Qh5 41. Rgd1 Be7 42. Rxd5 Rxd5 43. Rxd5 Rd8 44. Rxd8 Bxd8 45. Bg1 Qd1
46. Qxh3 Qd2+ 47. Kg3 Qe1+ 48. Bf2 Qe2 49. Qh6+ Kf7 50. Qh7+ Ke8 51. Qg6+
Ke7 52. Qf6+ Ke8 53. Qe6+ Be7 54. Qc8+ Bd8 55. Qe6+ Be7 56. Qc8+ Bd8 57.
Qe6+ Be7 58. Qc8+ Bd8 59. Qe6+ Be7 60. Qc8+ Bd8 {Game drawn by repetition}
1/2-1/2

[Event "ICC tourney 2087 (3 2)"]
[Site "Internet Chess Club"]
[Date "2020.10.30"]
[Round "3"]
[White "Ben2008"]
[Black "IndianTerritory"]
[Result "1-0"]
[ICCResult "Black resigns"]
[WhiteElo "1453"]
[BlackElo "1746"]
[Opening "Caro-Kann: advance variation"]
[ECO "B12"]
[NIC "CK.04"]
[Time "20:27:44"]
[TimeControl "180+2"]

1. e4 c6 2. d4 d5 3. e5 Bf5 4. h4 h5 5. Bd3 Bxd3 6. Qxd3 e6 7. Nf3 Nd7 8.
Bg5 Be7 9. Nbd2 Rc8 10. c3 c5 11. a3 Qb6 12. Rb1 cxd4 13. cxd4 Qc7 14. O-O
Bxg5 15. Nxg5 Ne7 16. Nb3 Qc2 17. Qxc2 Rxc2 18. Rfc1 Rc4 19. Na5 Rxd4 20.
Nxb7 Nxe5 21. Nd6+ Kd7 22. Ndxf7 Nxf7 23. Nxf7 Rf8 24. Ne5+ Kd6 25. Nf3 Rdf4
26. Rc2 e5 27. b4 Ra8 28. b5 e4 29. Nd4 Rxh4 30. b6 a6 31. b7 Rb8 32. Nf5+
Nxf5 33. Rc8 Rxb7 34. Rxb7 d4 35. Ra7 e3 36. fxe3 dxe3 37. Rxa6+ Ke5 38.
Re8+ Kf4 39. Ra4+ Kg5 40. Rxh4 Kxh4 41. a4 Kg4 42. a5 Kf4 43. a6 Nd6 44.
Rxe3 Kxe3 45. a7 Ne4 46. a8=Q Ng3 47. Qf3+ Kd4 48. Qxg3 Ke4 49. Qxg7 Kf4 50.
Qg6 h4 51. Kh2 h3 52. gxh3 Ke3 53. h4 Kd2 54. h5 Kc3 55. h6 Kd4 56. h7 Ke5
57. h8=Q+ Kf4 58. Qf8+ Ke3 59. Qe6+ Kd2 60. Qd8+ Kc3 61. Qc6+ Kb2 62. Qb8+
{Black resigns}
1-0

[Event "ICC tourney 2087 (3 2)"]
[Site "Internet Chess Club"]
[Date "2020.10.30"]
[Round "3"]
[White "DarwinLaylo01"]
[Black "gdavis23"]
[Result "0-1"]
[ICCResult "White resigns"]
[WhiteElo "1628"]
[BlackElo "1861"]
[Opening "English opening"]
[ECO "A16"]
[NIC "EO.64"]
[Time "20:27:21"]
[TimeControl "180+2"]

1. c4 Nf6 2. Nc3 g6 3. g3 Bg7 4. Bg2 O-O 5. e4 d6 6. Nge2 c5 7. O-O Nc6 8.
d3 e5 9. h3 Nd4 10. f4 Nh5 11. f5 Nxe2+ 12. Nxe2 g5 13. Kh2 h6 14. Nc3 Nf6
15. Bf3 Kh7 16. Kg2 Rg8 17. a3 b6 18. Be3 a6 19. Rh1 Bf8 20. Kf2 Be7 21. Qe2
Kg7 22. h4 g4 23. Bxg4 Kf8 24. Bf3 h5 25. Bxh5 b5 26. Bf3 bxc4 27. dxc4 Rb8
28. g4 Nxg4+ 29. Bxg4 Bxh4+ 30. Kf3 Bg5 31. Rab1 Rb3 32. Rh5 Bxe3 33. Qxe3
Ke8 34. Rbh1 Rxb2 35. Rh8 Kd7 36. Nd5 Rxh8 37. f6+ Kc6 38. Ne7+ Kc7 39. Qc3
Bxg4+ 40. Kxg4 Rxh1 41. Qxb2 Qd7+ 42. Nf5 Qa4 43. Ne3 Rg1+ 44. Kf3 Qd7 45.
Nd5+ Kd8 46. Qb8+ Qc8 47. Qxd6+ Qd7 48. Qb6+ Ke8 49. Qb8+ Qd8 50. Qxe5+ Kf8
51. Qh2 Rg6 52. e5 Ke8 53. Ke4 Rg4+ 54. Kd3 Rd4+ 55. Kc3 Qa5+ 56. Kb3 Rd3+
57. Kc2 Qxa3 58. Qe2 Qb3+ 59. Kc1 Qxc4+ 60. Qc2 Qxd5 61. Kb1 Rd1+ 62. Kb2
Rd2 {White resigns} 0-1

[Event "ICC tourney 2087 (3 2)"]
[Site "Internet Chess Club"]
[Date "2020.10.30"]
[Round "3"]
[White "MrNormalName"]
[Black "helavir"]
[Result "1-0"]
[ICCResult "Black checkmated"]
[WhiteElo "1899"]
[BlackElo "2254"]
[Opening "QGD semi-Slav: accelerated Meran (Alekhine variation)"]
[ECO "D45"]
[NIC "SL.08"]
[Time "20:28:13"]
[TimeControl "180+2"]

1. d4 d5 2. c4 e6 3. Nc3 c6 4. e3 Nf6 5. Nf3 a6 6. b3 Bb4 7. Bd2 Nbd7 8. Bd3
O-O 9. O-O Bd6 10. e4 dxc4 11. bxc4 e5 12. c5 Bc7 13. Na4 exd4 14. Rb1 h6
15. Rb4 Nh7 16. Rxd4 Qf6 17. Bc3 Ne5 18. Nxe5 Bxe5 19. Rd6 Bxc3 20. Rxf6
Bxf6 21. Nb6 Rb8 22. Nxc8 Rbxc8 23. Qb1 Bd4 24. Qxb7 Bxc5 25. Bxa6 Ra8 26.
Qxc6 Bd4 27. Bc4 Nf6 28. Bd5 Rab8 29. Qc4 Ba7 30. e5 Nh7 31. a4 Ng5 32. h4
Nh7 33. a5 Rb2 34. Qc7 Bd4 35. a6 Kh8 36. a7 f6 37. a8=Q Rxa8 38. Bxa8 Nf8
39. Qd8 Bc5 40. e6 Re2 41. Bd5 Kh7 42. Bc4 Re5 43. Rd1 Ng6 44. Bd3 f5 45.
Bc4 Nf4 46. g3 Nh3+ 47. Kg2 Nxf2 48. Rf1 Ng4 49. Kh3 Ne3 50. Re1 Nxc4 51.
Rxe5 Nxe5 52. Qd5 Ng6 53. Qxc5 f4 54. e7 fxg3 55. e8=Q Nf4+ 56. Kxg3 Ng6 57.
Qf5 h5 58. Qfxg6# {Black checkmated} 1-0

[Event "ICC tourney 2087 (3 2)"]
[Site "Internet Chess Club"]
[Date "2020.10.30"]
[Round "4"]
[White "manest"]
[Black "kurumania"]
[Result "0-1"]
[ICCResult "White resigns"]
[WhiteElo "2700"]
[BlackElo "2788"]
[Opening "Réti opening"]
[ECO "A04"]
[NIC "QP.10"]
[Time "20:39:38"]
[TimeControl "180+2"]

1. Nf3 c5 2. d4 cxd4 3. c3 dxc3 4. Nxc3 Nc6 5. e4 e6 6. Bc4 a6 7. O-O Nge7
8. Bg5 h6 9. Be3 b5 10. Bb3 Ng6 11. Nd5 Rb8 12. Rc1 Be7 13. Nxe7 Ngxe7 14.
Bc5 O-O 15. Bd6 Ra8 16. Qd2 Bb7 17. Bc2 Re8 18. Rfd1 Nc8 19. Bc5 d6 20. Bxd6
Nxd6 21. Qxd6 Qb6 22. Ne5 Rad8 23. Nd7 Rxd7 24. Qxd7 Rd8 25. Bb1 Rxd7 26.
Rxd7 Ne5 27. Rdc7 Bc6 28. Rc8+ Kh7 {White resigns} 0-1

[Event "ICC tourney 2087 (3 2)"]
[Site "Internet Chess Club"]
[Date "2020.10.30"]
[Round "4"]
[White "gdavis23"]
[Black "MrNormalName"]
[Result "0-1"]
[ICCResult "White checkmated"]
[WhiteElo "1801"]
[BlackElo "1902"]
[Opening "KGA: Rosentreter gambit"]
[ECO "C37"]
[NIC "KG.01"]
[Time "20:40:17"]
[TimeControl "180+2"]

1. e4 e5 2. f4 exf4 3. Nf3 g5 4. d4 Bg7 5. Nc3 d6 6. h4 h6 7. hxg5 hxg5 8.
Rxh8 Bxh8 9. Bc4 Be6 10. Bxe6 fxe6 11. Nh4 Nf6 12. Ng6 Kf7 13. Nxh8+ Qxh8
14. Qe2 Qh4+ 15. Kd2 Nc6 16. Kd3 Ng4 17. Kc4 Qh8 18. e5 d5+ 19. Kb3 Nxd4+
20. Ka4 Nxe2 21. Nxe2 Qe8+ 22. Ka3 Nxe5 23. g3 Nc4+ 24. Kb4 c5+ 25. Kb3 Qb5+
26. Kc3 Qb4+ 27. Kd3 Ne5# {White checkmated} 0-1

[Event "ICC tourney 2087 (3 2)"]
[Site "Internet Chess Club"]
[Date "2020.10.30"]
[Round "4"]
[White "turbopawn"]
[Black "aplusk"]
[Result "1-0"]
[ICCResult "Black resigns"]
[WhiteElo "2588"]
[BlackElo "2693"]
[Opening "Réti: King's Indian attack (Barcza system)"]
[ECO "A07"]
[NIC "QP.09"]
[Time "20:39:36"]
[TimeControl "180+2"]

1. Nf3 d5 2. g3 c6 3. Bg2 Bg4 4. O-O Nd7 5. d4 Ngf6 6. Nbd2 e6 7. Re1 Be7 8.
e4 O-O 9. c3 Bh5 10. h3 Rc8 11. e5 Ne8 12. Nf1 c5 13. dxc5 Nxc5 14. Be3 Bg6
15. Qd2 Nd3 16. Red1 Qa5 17. Bd4 Nc7 18. a4 Na6 19. Qe2 Rc4 20. b4 Qc7 21.
Rxd3 Bxd3 22. Qxd3 Qb8 23. Ne3 Rc7 24. h4 h6 25. h5 b6 26. Qxa6 {Black
resigns} 1-0

[Event "ICC tourney 2087 (3 2)"]
[Site "Internet Chess Club"]
[Date "2020.10.30"]
[Round "4"]
[White "IndianTerritory"]
[Black "cjconstantine"]
[Result "1/2-1/2"]
[ICCResult "Game drawn by repetition"]
[WhiteElo "1742"]
[BlackElo "1243"]
[Opening "Hungarian defense"]
[ECO "C50"]
[NIC "IG.03"]
[Time "20:39:46"]
[TimeControl "180+2"]

1. e4 e5 2. Nf3 Nc6 3. Bc4 Be7 4. d3 Nf6 5. O-O O-O 6. c3 h6 7. Nbd2 d6 8.
b4 a6 9. Bb2 Be6 10. Bxe6 fxe6 11. a4 d5 12. b5 axb5 13. axb5 Rxa1 14. Qxa1
dxe4 15. Nxe4 Nb8 16. Nxe5 Qd5 17. c4 Qd8 18. Ng6 Nbd7 19. Nxf8 Qxf8 20.
Bxf6 Nxf6 21. Qe5 Nxe4 22. Qxe6+ Kh8 23. dxe4 Bc5 24. Qd5 b6 25. e5 Qe7 26.
Ra1 Qg5 27. Ra8+ Kh7 28. Qd3+ g6 29. Qd7+ Be7 30. f4 Qh4 31. g4 Qe1+ 32. Kg2
Qe2+ 33. Kg3 Qe3+ 34. Kg2 Qe2+ 35. Kg1 Qe1+ 36. Kg2 Qe2+ 37. Kg1 Qe1+
{Game drawn by repetition}
1/2-1/2

[Event "ICC tourney 2087 (3 2)"]
[Site "Internet Chess Club"]
[Date "2020.10.30"]
[Round "4"]
[White "jsl1996"]
[Black "TjkTiger"]
[Result "0-1"]
[ICCResult "White resigns"]
[WhiteElo "2139"]
[BlackElo "2320"]
[Opening "Sicilian: accelerated fianchetto, Maróczy bind, 6.Be3"]
[ECO "B38"]
[NIC "SI.43"]
[Time "20:39:37"]
[TimeControl "180+2"]

1. Nf3 c5 2. e4 g6 3. d4 cxd4 4. Nxd4 Bg7 5. c4 Nc6 6. Be3 Qb6 7. Nb3 Qd8 8.
Qd2 Nf6 9. f3 d6 10. Nc3 O-O 11. Rc1 a5 12. Na4 Be6 13. Be2 Nd7 14. O-O Nb4
15. a3 Na2 16. Ra1 b5 17. Rxa2 bxa4 18. Nd4 Nc5 19. Rd1 Qb8 20. Qc2 Bd7 21.
Raa1 Rc8 22. Rac1 Bxd4 23. Bxd4 Nb3 24. Bc3 Qb6+ 25. Kh1 Nxc1 26. Qxc1 Be6
27. e5 Bxc4 28. Bxc4 Rxc4 29. exd6 exd6 30. Qh6 Rxc3 31. bxc3 Qb3 32. Qc1 d5
33. h4 h5 34. Rd4 Rc8 35. Qd2 Rc4 36. Rxd5 Rxh4+ 37. Kg1 Qb1+ 38. Kf2 Rh1
39. Rxa5 Qb6+ {White resigns} 0-1

[Event "ICC tourney 2087 (3 2)"]
[Site "Internet Chess Club"]
[Date "2020.10.30"]
[Round "4"]
[White "GGuseinov"]
[Black "Openyagami"]
[Result "0-1"]
[ICCResult "White checkmated"]
[WhiteElo "2833"]
[BlackElo "2757"]
[Opening "Sicilian: Taimanov variation"]
[ECO "B48"]
[NIC "SI.40"]
[Time "20:39:34"]
[TimeControl "180+2"]

1. e4 c5 2. Nc3 e6 3. Nf3 Nc6 4. d4 cxd4 5. Nxd4 Qc7 6. Be3 Nf6 7. f4 d6 8.
Qf3 Bd7 9. O-O-O Nxd4 10. Bxd4 Rc8 11. Bxf6 gxf6 12. f5 b5 13. Bd3 b4 14.
Ne2 e5 15. Kb1 a5 16. Ng3 a4 17. Nh5 Ke7 18. Qh3 Rg8 19. Nxf6 Kxf6 20. Qxh7
Rg5 21. g4 Qc5 22. Rhg1 Ke7 23. h4 Rg7 24. Qh8 a3 25. g5 Ke8 26. f6 Rg6 27.
h5 Qd4 28. c3 Rxc3 29. bxc3 bxc3 30. Bc2 Qb4+ 31. Bb3 Be6 32. Kc2 Qxe4+ 33.
Kxc3 Qe3+ 34. Kb4 d5+ 35. Ka4 Bd7+ 36. Ka5 Qa7# {White checkmated} 0-1

[Event "ICC tourney 2087 (3 2)"]
[Site "Internet Chess Club"]
[Date "2020.10.30"]
[Round "4"]
[White "JGroder"]
[Black "jy2020"]
[Result "1-0"]
[ICCResult "Black resigns"]
[WhiteElo "1644"]
[BlackElo "1692"]
[Opening "Sicilian: Najdorf, Byrne (English) attack"]
[ECO "B90"]
[NIC "SI.14"]
[Time "20:39:35"]
[TimeControl "180+2"]

1. e4 c5 2. Nf3 d6 3. d4 cxd4 4. Nxd4 Nf6 5. Nc3 a6 6. Be3 e5 7. Nf5 d5 8.
Bg5 d4 9. Nb1 Bxf5 10. exf5 Be7 11. Bxf6 Bxf6 12. Bd3 Nc6 13. a3 O-O 14. O-O
Qb6 15. b3 Rac8 16. Nd2 Ne7 17. Nc4 Qc7 18. a4 b6 19. Nd2 Nd5 20. Ne4 Nc3
21. Nxc3 Qxc3 22. Qg4 Rce8 23. f3 Qd2 24. h4 h6 25. Rad1 Qe3+ 26. Kh2 Qf4+
27. g3 Qxg4 28. fxg4 e4 29. Bxa6 Re7 30. Kg2 Rd8 31. Rfe1 e3 32. Kf3 Rc7 33.
Bd3 Be5 34. Be4 f6 35. Rxe3 Re8 36. Re2 Kf8 37. Bd3 Rce7 38. Rde1 Rc8 39. g5
Rec7 40. Rxe5 fxe5 41. Rxe5 Re8 42. Re4 hxg5 43. hxg5 Rxe4 44. Kxe4 Re7+ 45.
Kxd4 Re1 46. f6 gxf6 47. gxf6 Kf7 48. Kc4 Kxf6 49. Kb5 Re6 50. g4 Kg5 51.
Bf5 Rd6 52. c4 Kf4 53. c5 bxc5 54. Kxc5 Rh6 55. a5 Ke5 56. b4 Rh1 57. a6
Rc1+ 58. Kb6 Kd6 59. a7 Ra1 60. Be4 Ra4 61. a8=Q Rxb4+ 62. Ka5 {Black
resigns} 1-0

[Event "ICC tourney 2087 (3 2)"]
[Site "Internet Chess Club"]
[Date "2020.10.30"]
[Round "4"]
[White "ramennoodle"]
[Black "DarwinLaylo01"]
[Result "0-1"]
[ICCResult "White resigns"]
[WhiteElo "1269"]
[BlackElo "1635"]
[Opening "Scandinavian defense"]
[ECO "B01"]
[NIC "SD.03"]
[Time "20:39:46"]
[TimeControl "180+2"]

1. e4 d5 2. exd5 Nf6 3. d4 Bg4 4. Be2 Bxe2 5. Nxe2 Qxd5 6. O-O Nc6 7. Nbc3
Qf5 8. Bf4 O-O-O 9. Bg3 e5 10. d5 Nb4 11. a3 Nbxd5 12. Nxd5 Nxd5 13. Qd2 Be7
14. Rfe1 h5 15. f3 h4 16. Bf2 h3 17. Ng3 Qe6 18. Qa5 a6 19. f4 Nxf4 20. Rxe5
Qd7 21. Rae1 Bd6 22. Rf5 hxg2 23. Qd2 g5 24. Be3 Qc6 25. Bxf4 Bxf4 26. Qc3
Qxc3 27. bxc3 Bxg3 28. hxg3 Rh1+ 29. Kxg2 Rxe1 30. Rxf7 Rd2+ 31. Kh3 Rxc2
32. Rg7 Rxc3 33. Rxg5 Rxa3 34. Rg8+ Kd7 35. Rg7+ Re7 36. Rg5 b5 37. Rd5+ Kc6
38. Rd1 Rc3 39. Rf1 Kb7 40. Rf6 b4 41. Kh4 b3 42. g4 b2 43. g5 b1=Q 44. Kh5
Rc6 45. Rg6 Qxg6+ 46. Kh4 Qe4+ 47. Kh3 Rc3+ 48. Kh2 Qc2+ {White resigns} 0-1